 Dungeon Sprint DCSS version 0.26-a0-663-g36e8fdb655 (webtiles) character file.

Game seed: 3623231517413852781

83 olmar the Digger (level 4, -5/39 HPs)
             Began as a Troll Earth Elementalist on Oct 12, 2020.
             Was an Initiate of Gozag.
             Splashed by an oklob sapling priest's acid (11 damage)
             ... in the Dungeon (Sprint IV: "Fedhas' Mad Dash").
             The game lasted 00:01:48 (466 turns).

olmar the Digger (Troll Earth Elementalist)          Turns: 466, Time: 00:01:49

Health: -5/39      AC: -2    Str: 16    XL:     4   Next: 22%
Magic:  3/7        EV: 10    Int: 12    God:    Gozag
Gold:   69         SH:  0    Dex: 10    Spells: 8/9 levels left

rFire    . . .     SeeInvis .   (no weapon)
rCold    . . .     Faith    .   (no shield)
rNeg     . . .     Spirit   .   c - +0 robe
rPois    .         Reflect  .   (helmet restricted)
rElec    .         Harm     .   (no cloak)
rCorr    .         Rampage  .   (gloves unavailable)
MR       .....     NoTele   +   (boots unavailable)
Stlth    +.........             a - amulet of invisibility {+Inv}
HPRegen  0.53/turn              (no ring)
MPRegen  0.10/turn              (no ring)

@: corroded, very slightly contaminated
A: large, unfitting armour, claws 3, regeneration 1, shaggy fur 1, tough skin 3
a: Potion Petition, Call Merchant, Bribe Branch, Renounce Religion, Evoke
Invisibility


You were in the Dungeon.
You worshipped Gozag.
Gozag was noncommittal.
You visited 1 branch You collected 69 gold pieces.

Inventory:

Missiles
 b - 11 stones (quivered)
Armour
 c - a +0 robe (worn)
Jewellery
 a - the amulet of invisibility (around neck) {+Inv}
   (You found it in the Dungeon)

   [amulet of nothing]

   It lets you turn invisible.
Potions
 f - a potion of haste
 g - a potion of magic


   Skills:
 - Level 1.5 Dodging
 - Level 1.0 Stealth
 + Level 3.1 Spellcasting
   Level 0.6 Transmutations
 + Level 6.9 Earth Magic
 + Level 0.1 Evocations


You had 8 spell levels left.
You knew the following spells:

 Your Spells              Type           Power        Failure   Level
a - Sandblast             Erth           ###...       1%          1

Your spell library contained the following spells:

 Spells                   Type           Power        Failure   Level
 Passwall                 Tmut/Erth      ##......     8%          2
 Stone Arrow              Conj/Erth      ##....       17%         3
 Lee's Rapid Deconstruct  Erth           ###.......   36%         5
 Petrify                  Tmut/Erth      ##......     45%         4


Dungeon Overview and Level Annotations

Branches:
Dungeon (1/1)

Altars:
Cheibriados
Dithmenos
Elyvilon
Gozag
Hepliaklqana
Kikubaaqudgha
Makhleb
Nemelex Xobeh
Okawaru
Qazlal
Ru
Sif Muna
Trog
Uskayaw
Vehumet
Wu Jian
Xom
Yredelemnul
Zin
The Shining One
Beogh
Jiyva
Lugonu

Annotations:
D exclusion: oklob sapling


Innate Abilities, Weirdness & Mutations

You are too large for most types of armour.
You have claws for hands.
Your natural rate of healing is unusually fast.
You are covered in fur. (AC +1)
You have extremely tough skin. (AC +3)


Message History

Press: ? - help, Shift-Dir - straight line, f - oklob sapling priest
Aim: an oklob sapling priest (severely damaged)
The blast of sand hits the oklob sapling priest but does no damage.
The oklob sapling priest is severely damaged.
b - 12 stones The oklob sapling priest looks braver for a moment.
Casting: Sandblast (safe; 1% risk of failure)
Confirm with . or Enter, or press ? or * to list all spells.
Aiming: Sandblast (safe; 1% risk of failure)
Press: ? - help, Shift-Dir - straight line, f/p - oklob sapling priest
Aim: an oklob sapling priest (severely damaged)
The blast of sand hits the oklob sapling priest but does no damage.
The oklob sapling priest is severely damaged.
b - 11 stones The oklob sapling priest spits acid at you.
The splash of acid hits you!
* * * LOW HITPOINT WARNING * * *
The acid corrodes you!
You are splashed with acid!
You die...
Your body crumbles into a pile of gold.

########################
....#.....#.⌠._._._._.⌠.
$
)...'.#...'.._._._._._..
$ $
....#.#...#..._._P_._...
########'##.._._@_._._..
$ +...#._._._._._.⌠.
#...############## #####
$ $ $$ $


You could see an oklob sapling priest.

Vanquished Creatures
  2 oklob saplings (D)
  A worker ant (D)
  A river rat (D)
  A rat (D)
5 creatures vanquished.

Notes
Turn   | Place    | Note
-------+----------+-------------------------------------------
     0 | D        | olmar the Troll Earth Elementalist began the quest for the
                  | Orb.
     0 | D        | Reached XP level 1. HP: 16/16 MP: 1/1
     9 | D        | Reached skill level 4 in Earth Magic
     9 | D        | Reached XP level 2. HP: 24/24 MP: 1/3
    57 | D        | Noticed an oklob sapling
    67 | D        | Killed an oklob sapling
    67 | D        | Reached skill level 5 in Earth Magic
    67 | D        | Reached XP level 3. HP: 31/31 MP: 0/5
   117 | D        | Found the amulet of invisibility {+Inv}
   136 | D        | Reached skill level 6 in Earth Magic
   199 | D        | Noticed an oklob sapling
   214 | D        | Killed an oklob sapling
   214 | D        | Reached XP level 4. HP: 39/39 MP: 0/7
   384 | D        | Found an opulent altar of Gozag.
   384 | D        | Found a hazy altar of Hepliaklqana.
   384 | D        | Found a burning altar of Makhleb.
   384 | D        | Found a roughly hewn altar of Beogh.
   384 | D        | Found a sparkling altar of Nemelex Xobeh.
   384 | D        | Found a snail-covered altar of Cheibriados.
   384 | D        | Found a sacrificial altar of Ru.
   384 | D        | Found a shimmering blue altar of Sif Muna.
   384 | D        | Found a shimmering altar of Xom.
   384 | D        | Found a basalt altar of Yredelemnul.
   385 | D        | Found a viscous altar of Jiyva.
   385 | D        | Found a bloodstained altar of Trog.
   385 | D        | Found an ornate altar of the Wu Jian Council.
   386 | D        | Found an iron altar of Okawaru.
   386 | D        | Found a shadowy altar of Dithmenos.
   386 | D        | Found a glowing silver altar of Zin.
   387 | D        | Found an ancient bone altar of Kikubaaqudgha.
   387 | D        | Found a hide-covered altar of Uskayaw.
   388 | D        | Found a stormy altar of Qazlal.
   388 | D        | Found a white marble altar of Elyvilon.
   388 | D        | Found a glowing golden altar of the Shining One.
   389 | D        | Became a worshipper of Gozag Ym Sagoz the Greedy
   390 | D        | Found a radiant altar of Vehumet.
   390 | D        | Found a corrupted altar of Lugonu.
   466 | D        | Splashed by an oklob sapling priest's acid

Illustrated notes

Levels and vault maps discovered:
D:        dungeon_sprint_fedhas [sprint_temple]

Skill      XL: |  1  2  3 |
---------------+----------+-----
Earth Magic    | 4 5 6 |  6.9
Spellcasting   | 2 3 |  3.1
Dodging        | |  1.5
Stealth        | |  1.0
Transmutations | |  0.6
Evocations     | |  0.1

Action                   |  1- 3 |  4- 6 || total
-------------------------+-------+-------++-------
Melee: Unarmed           |    29 |    12 ||    41
 Cast: Sandblast         |    11 |     8 ||    19
 Abil: Evoke Invisibilit |     1 |     2 ||     3
  Use: Potion            |     4 |     1 ||     5
       Scroll            |       |     1 ||     1
 Stab: Sleeping          |     1 |       ||     1
Armor: Robe              |     5 |       ||     5
Dodge: Dodged            |    11 |     1 ||    12

Table legend: (Time is in decaauts)
 A = Elapsed time spent in this place.
 B = Non-inter-level travel time spent in this place.
 C = Inter-level travel time spent in this place.
 D = Time resting spent in this place.
 E = Time spent auto-exploring this place.
 F = Levels seen in this place.
 G = Mean time per level.
                   A        B        C        D        E       F      G
               +--------+--------+--------+--------+--------+-----+--------+
         Total |    477 |    477 |      0 |    339 |      0 |   1 |  477.0 |
       Dungeon |    477 |    477 |      0 |    339 |      0 |   1 |  477.0 |
               +--------+--------+--------+--------+--------+-----+--------+

Top non-repeatable levels by time:
       D: 477 daAuts
